 Dungeon Crawl Stone Soup version 0.28-a0-863-g8cecda6153 (webtiles) character file.

Game seed: 18262252751774302332

169 avis the Chopper (level 5, 0/45 HPs)
             Began as a Hill Orc Fighter on Nov 18, 2021.
             Succumbed to a goblin's poison
             ... on level 3 of the Dungeon.
             The game lasted 00:09:19 (2999 turns).

avis the Chopper (Hill Orc Fighter)                 Turns: 2999, Time: 00:09:19

Health: 0/45       AC:  6    Str: 19    XL:     5   Next: 50%
Magic:  5/5        EV:  9    Int:  9    God:
Gold:   136        SH:  4    Dex: 10    Spells: 4/4 levels left

rFire   . . .      SeeInvis .   a - +0 war axe
rCold   + . .      Faith    .   c - +0 buckler
rNeg    . . .      Spirit   .   r - +0 scale mail
rPois   .          Reflect  .   y - +0 hat
rElec   .          Harm     .   (no cloak)
rCorr   .          Rampage  .   (no gloves)
Will    .....                   (no boots)
Stlth   ..........              (no amulet)
HPRegen 0.15/turn               u - ring of protection from cold
MPRegen 0.09/turn               (no ring)

@: lethally poisoned (0 -> -14)
A: no striking features
a: no special abilities


You were on level 3 of the Dungeon.
You visited 1 branch of the dungeon, and saw 4 of its levels.

You collected 136 gold pieces.

Inventory:

Hand Weapons
 a - a +0 war axe (weapon)
 b - a +1 whip of electrocution
 g - a +3 dagger of protection
Missiles
 e - 39 arrows
 l - 79 stones
 n - 18 poisoned darts (quivered)
Armour
 c - a +0 buckler (worn)
 r - a +0 scale mail (worn)
 x - a +2 leather armour of cold resistance
 y - a +0 hat (worn)
Magical Staves
 o - a staff of death
 t - a staff of conjuration
Jewellery
 u - a ring of protection from cold (left hand)
Wands
 w - a wand of acid (8)
Scrolls
 f - a scroll of amnesia {unknown}
 i - a scroll of teleportation {unknown}
 q - 2 scrolls of fear {unknown}
 s - 3 scrolls of identify {unknown}
 v - a scroll of magic mapping {unknown}
Potions
 d - a potion of might
 h - a potion of heal wounds {unknown}
 j - 2 potions of attraction {unknown}
 k - a potion of invisibility {unknown}
 m - a potion of brilliance {unknown}
 p - 2 potions of degeneration {unknown}
 z - a potion of berserk rage {unknown}


   Skills:
 - Level 3.6 Fighting
 * Level 7.3 Axes
 - Level 3.2 Armour
 - Level 3.2 Shields


You had 4 spell levels left.
You didn't know any spells.
Your spell library contained the following spells:

 Spells                   Type           Power      Damage    Failure   Level
 Slow                     Hex            0%         N/A       78%         1
 Confusing Touch          Hex            0%         N/A       98%         3
 Vampiric Draining        Necr           0%         2d6       98%         3


Dungeon Overview and Level Annotations

Branches:
Dungeon (4/15)
 Temple: D:4-7

Altars:

Shops:
D:1 :

Annotations:
D:3 Robin


Message History

The goblin hits you but does no damage.
You closely miss the goblin. You barely miss the goblin. You slash the goblin!
You kill the goblin!
You barely miss the goblin. You slash the hobgoblin!
You kill the hobgoblin!
You feel sick.
You are no longer poisoned.
You block the goblin's attack. The goblin hits you with a +0 club.
The goblin hits you but does no damage.
You are poisoned.
You hit the goblin but do no damage. You barely miss the goblin.
You hit Robin but do no damage. You closely miss the goblin.
You feel sick. The goblin hits you but does no damage.
Robin throws the goblin at you!
The goblin hits you with a +2 dagger of venom.
You are more poisoned.
The goblin hits you with a +0 club. The goblin barely misses you.
Unknown command.
You closely miss the goblin. You slash the goblin!
You kill the goblin!
You hit Robin. You closely miss the goblin.
* * * LOW HITPOINT WARNING * * *
You feel very sick. The goblin barely misses you.
The goblin hits you with a +2 dagger of venom.
* * * LOW HITPOINT WARNING * * *
You are lethally poisoned!
Robin throws the goblin at you!
You closely miss the goblin. x2; You hit Robin.
* * * LOW HITPOINT WARNING * * *
You feel very sick.
You block the goblin's attack. x2; Robin hits you with a +0 club.
* * * LOW HITPOINT WARNING * * *
The goblin hits you with a +0 club.
* * * LOW HITPOINT WARNING * * *
The goblin barely misses you.
You hit the goblin.
The goblin is heavily wounded.
You hit Robin but do no damage. You slash the goblin!
You kill the goblin!
You die...

###..#####.......
##................
##................)
#................#.
#..............####
#..............# #
#..............# ##
#).g...........###.
##@.........<......
##g.........#.....
#.##########.....
#.# ####.....
####.#######........
#.<.....##..........
#.......#..##.####..
#.............###...
#.................#.


You could see Robin and a goblin (strong).

Vanquished Creatures
  A scorpion (D:3)
  4 gnolls
  A worm (D:3)
  A dart slug (D:3)
  An orc (D:3)
  9 ball pythons
  8 endoplasms
  3 giant cockroaches
  4 hobgoblins
  3 jackals (D:2)
  4 quokkas
  5 bats
  3 frilled lizards
  7 goblins
  6 kobolds
  5 rats
65 creatures vanquished.

Notes
Turn   | Place    | Note
-------+----------+-------------------------------------------
     0 | D:1      | avis the Hill Orc Fighter began the quest for the Orb.
     0 | D:1      | Reached XP level 1. HP: 19/19 MP: 1/1
    81 | D:1      | Reached skill level 3 in Axes
   133 | D:1      | Found a faded altar of an unknown god.
   203 | D:1      | Reached XP level 2. HP: 25/26 MP: 2/2
   426 | D:1      | Reached skill level 4 in Axes
   669 | D:1      | Reached XP level 3. HP: 28/31 MP: 3/3
   749 | D:1      | Found Kebinn's Book Emporium.
  1262 | D:1      | Reached skill level 5 in Axes
  1509 | D:1      | Reached XP level 4. HP: 16/39 MP: 4/4
  1727 | D:2      | Reached skill level 6 in Axes
  2213 | D:3      | Noticed a scorpion
  2220 | D:3      | Killed a scorpion
  2221 | D:3      | Reached skill level 7 in Axes
  2221 | D:3      | Reached XP level 5. HP: 45/45 MP: 5/5
  2987 | D:4      | Noticed Robin
  2988 | D:4      | Noticed a black bear
  2999 | D:3      | Succumbed to a goblin's poison

Illustrated notes

Levels and vault maps discovered:
D:1:      dpeg_arrival_windows_large_door, layout_basic,
          ebering_ecumenical_altar_abandoned, serial_shops,
          nicolae_lakefront_shop
D:2:      layout_loops_cross
D:3:      layout_rooms, columned_hall_lemuel
D:4:      nicolae_cairo_tiling, layout_rooms, uniq_robin, uniq_edmund, uniq_ijyb

Skill      XL: |  1  2  3  4 |
---------------+-------------+-----
Axes           | 3 4 5 7 |  7.3
Fighting       | |  3.6
Armour         | |  3.2
Shields        | |  3.2

Action                   |  1- 3 |  4- 6 || total
-------------------------+-------+-------++-------
Melee: War axe           |    72 |    61 ||   133
       Whip              |       |     5 ||     5
Throw: Dart              |       |     3 ||     3
Armor: Scale mail        |    25 |    42 ||    67
Dodge: Dodged            |    27 |    51 ||    78
Block: Buckler           |    16 |    22 ||    38

Table legend: (Time is in decaauts)
 A = Elapsed time spent in this place.
 B = Non-inter-level travel time spent in this place.
 C = Inter-level travel time spent in this place.
 D = Time resting spent in this place.
 E = Time spent auto-exploring this place.
 F = Levels seen in this place.
 G = Mean time per level.
                   A        B        C        D        E       F      G
               +--------+--------+--------+--------+--------+-----+--------+
         Total |   3043 |   2702 |    341 |    556 |   1543 |   4 |  760.8 |
       Dungeon |   3043 |   2702 |    341 |    556 |   1543 |   4 |  760.8 |
               +--------+--------+--------+--------+--------+-----+--------+

Top non-repeatable levels by time:
     D:1: 1605 daAuts
     D:2: 720 daAuts
     D:3: 686 daAuts
     D:4: 29 daAuts
